AoeStats
← Kshulo

Nomad

505529708Analyzed
4v4 RM · 23d ago on Sep 9, 2026· 7m 56s· 8 players
Game mode
Random Map
Map size
231×231
Population
200
Speed
Normal
Resources
Standard
Victory
Conquest
Starting age
Dark Age
Ending age
Imperial Age
RankedLock teamsTeams togetherTeam positionsShared explorationLock speedFull tech treeHidden civsTurbo modeCheats
Victory
Defeat
🇦🇷 Britons · Argentina
1352
+13
🇨🇱 Bengalis · Chile
1325
+14
🇻🇳 Bulgarians · Vietnam
1282
+16
🇨🇱 Poles · Chile
1281
+16
🇮🇹 Saracens · Italy
1303
-16
🇨🇦 Khmer · Canada
1281
-15
🇪🇸 Dravidians · Spain
1276
-14
🇬🇧 Koreans · United Kingdom
1268
-14
|GaoeG| Tifus
4:20 Loom
Player2
5:28 Loom
popsicle
5:07 Loom
EightyNine
4:01 Loom
weaking
7:41 Loom
PESCADO
5:17 Loom
nguyenducminhhieu
6:05 Loom
Kshulo
5:01 Loom
Connection lost

Rejoining the realm…

Still unreachable

The connection could not be restored.

Session expired

The server has moved on; the page needs a fresh start.